Map: [ESL] Dragon Scales

Players

Elazer - Winner!

  • Race: Zerg Zerg
  • Spawn Location: 5:00

DnS

  • Race: Protoss Protoss
  • Spawn Location: 11:00

Event: ESL SC2 Masters 2023 Summer (Regionals)

VOD

Have the link to the VOD?

Description

Time

  • Played on: May 2, 2023, 11:09 a.m.
  • Length: 9:23

All games in this series

Show
View Real Time Build Order
Export as new Build Order

Elazer Zerg - Winner!

Build Orders: Hatch First 

Get SALT Encoding   

  12  0:00  Drone  
  13  0:12  Overlord  
  13  0:16  Drone  
  14  0:30  Drone x2  
  16  0:47  Hatchery  
  15  0:51  Drone  
  15  0:54  Drone  
  17  0:58  Drone  
  18  1:08  Extractor  
  17  1:13  Spawning Pool  
  17  1:16  Drone  
  17  1:20  Drone  
  18  1:28  Drone  
  19  1:39  Drone  
  20  2:01  Zergling x6  
  20  2:02  Queen  
  20  2:05  Spine Crawler  
  20  2:07  Queen  
  26  2:10  Zergling x2  
  26  2:12  Overlord  
  27  2:22  Drone  
  28  2:31  Overlord  
  28  2:32  Drone x2  
  30  2:41  Queen  
  30  2:43  Drone x2  
  34  2:53  Drone x2  
  36  3:06  Drone x2  
  36  3:07  Hatchery  
  36  3:09  Metabolic Boost  
  36  3:11  Drone  
  38  3:13  Drone  
  38  3:18  Drone x2  
  41  3:20  Drone  
  42  3:27  Queen  
  42  3:29  Overlord  
  44  3:35  Overlord  
  44  3:47  Queen  
  44  3:48  Drone x2  
  48  3:49  Drone x4  
  52  3:55  Drone x4  
  56  4:04  Overlord  
  56  4:08  Drone  
  57  4:19  Queen  
  57  4:23  Queen, Spore Crawler  
  60  4:25  Overlord  
  60  4:29  Zergling x18  
  69  4:35  Overlord  
  69  4:42  Zergling x6  
  72  4:48  Overlord x2  
  72  4:52  Drone x4  
  76  4:59  Drone  
  77  5:04  Hatchery  
  77  5:06  Drone x5  
  79  5:12  Drone  
  77  5:15  Drone x2  
  77  5:21  Overlord, Lair  
  76  5:23  Drone x5  
  76  5:25  Drone x3, Evolution Chamber  
  83  5:31  Overlord, Drone x2  
  85  5:36  Drone x2  
  85  5:37  Extractor  
  85  5:38  Extractor x2  
  85  5:39  Roach Warren  
  85  5:41  Overlord  
  82  5:51  Zergling x18  
  82  5:55  Zerg Melee Weapons Level 1  
  90  6:07  Drone, Spore Crawler  
  90  6:10  Drone x5  
  95  6:17  Drone  
  94  6:27  Drone x7  
  94  6:29  Drone x6, Hatchery  
  101  6:33  Drone  
  101  6:37  Overlord  
  99  6:43  Zergling x6  
  100  6:47  Glial Reconstitution  
  100  6:49  Zergling x12  
  100  6:51  Baneling Nest  
  100  6:52  Overseer  
  105  7:00  Zergling x14, Spore Crawler  
  106  7:12  Drone x2  
  106  7:13  Zergling x4  
  110  7:22  Overlord  
  110  7:23  Drone x3  
  110  7:25  Roach x4  
  110  7:29  Roach  
  131  7:30  Roach x4  
  131  7:32  Extractor  
  131  7:33  Extractor  
  129  7:38  Drone x3  
  129  7:43  Drone x3  
  135  7:44  Overlord  
  135  7:45  Overlord x2  
  135  7:49  Roach x2  
  135  7:50  Roach x2, Ravager x3  
  135  7:51  Centrifugal Hooks, Ravager  
  147  7:55  Spore Crawler  
  147  7:57  Drone  
  147  8:02  Zergling x22  
  158  8:17  Zergling x22  
  169  8:24  Zergling x2  
  169  8:25  Zergling x16  
  178  8:30  Spore Crawler, Zergling x4  
  179  8:36  Baneling x24  
  179  8:40  Roach x2  
  182  8:43  Overlord  
  182  8:44  Overlord  
  182  8:48  Baneling x11  
  169  9:03  Zergling x2  
  169  9:04  Zergling x38  
Show
View Real Time Build Order
Export as new Build Order

DnS Protoss 

Build Orders: Nexus First 

Get SALT Encoding   

  12  0:00  Probe  
  13  0:12  Probe  
  14  0:20  Pylon  
  14  0:24  Probe  
  15  0:39  Probe (Chrono Boost)  
  16  0:47  Probe (Chrono Boost)  
  17  0:53  Probe  
  18  1:04  Nexus  
  18  1:14  Forge  
  18  1:18  Probe  
  19  1:29  Gateway  
  19  1:37  Probe  
  19  1:39  Pylon  
  20  1:50  Probe  
  21  1:57  Pylon  
  21  1:59  Photon Cannon  
  21  2:04  Photon Cannon  
  21  2:16  Probe  
  21  2:18  Photon Cannon  
  21  2:22  Assimilator  
  22  2:27  Photon Cannon  
  22  2:33  Probe (Chrono Boost)  
  22  2:34  Probe (Chrono Boost)  
  22  2:37  Zealot (Chrono Boost)  
  23  2:38  Cybernetics Core  
  25  2:44  Assimilator  
  25  2:50  Probe (Chrono Boost)  
  25  2:51  Probe (Chrono Boost)  
  27  2:58  Probe (Chrono Boost)  
  29  3:03  Probe (Chrono Boost)  
  29  3:05  Pylon  
  30  3:06  Probe (Chrono Boost)  
  30  3:09  Probe (Chrono Boost)  
  31  3:14  Adept  
  31  3:17  Probe (Chrono Boost)  
  35  3:20  Probe (Chrono Boost)  
  35  3:25  Probe (Chrono Boost)  
  37  3:29  Probe (Chrono Boost)  
  37  3:30  Stargate  
  37  3:31  Probe (Chrono Boost)  
  38  3:35  Probe  
  38  3:39  Warp Gate  
  39  3:41  Probe  
  39  3:47  Probe, Pylon  
  33  3:48  Adept  
  41  3:53  Probe  
  44  3:59  Probe  
  45  4:05  Probe  
  45  4:06  Assimilator  
  45  4:08  Assimilator  
  46  4:11  Oracle (Chrono Boost)  
  46  4:12  Probe, Pylon  
  50  4:18  Probe, Adept  
  53  4:24  Probe  
  54  4:37  Probe x2, Nexus  
  56  4:40  Pylon  
  58  4:47  Oracle (Chrono Boost)  
  58  4:52  Probe  
  60  4:54  Probe, Twilight Council  
  61  5:02  Twilight Council  
  61  5:08  Probe x2  
  61  5:11  Gateway  
  61  5:12  Gateway  
  61  5:17  Pylon  
  61  5:20  Probe x2  
  62  5:21  Oracle (Chrono Boost)  
  62  5:30  Nexus  
  62  5:31  Blink  
  62  5:34  Pylon  
  62  5:36  Pylon  
  62  5:39  Protoss Ground Weapons Level 1  
  62  5:42  Probe x2  
  64  5:54  Probe  
  64  5:55  Probe  
  65  5:58  Adept, Photon Cannon  
  67  6:06  Pylon, Stalker x2  
  67  6:07  Probe (Chrono Boost)  
  67  6:08  Probe (Chrono Boost)  
  73  6:17  Probe (Chrono Boost)  
  73  6:18  Probe (Chrono Boost)  
  75  6:21  Robotics Facility  
  75  6:22  Probe (Chrono Boost)  
  75  6:23  Probe (Chrono Boost)  
  77  6:25  Stalker  
  75  6:33  Probe, Stalker  
  75  6:34  Probe, Stalker  
  75  6:43  Probe (Chrono Boost)  
  75  6:46  Probe (Chrono Boost)  
  77  6:48  Probe (Chrono Boost)  
  77  6:52  Robotics Facility  
  78  6:55  Probe (Chrono Boost)  
  78  6:58  Probe (Chrono Boost)  
  78  6:59  Probe (Chrono Boost)  
  80  7:03  Probe (Chrono Boost)  
  80  7:05  Probe (Chrono Boost)  
  80  7:06  Probe (Chrono Boost)  
  83  7:10  Probe (Chrono Boost), Stalker x3  
  83  7:12  Probe  
  83  7:13  Probe, Charge  
  83  7:14  Robotics Bay  
  92  7:17  Assimilator  
  92  7:19  Assimilator  
  92  7:21  Probe, Shield Battery  
  93  7:24  Probe  
  93  7:25  Probe, Gateway  
  95  7:32  Gateway  
  95  7:36  Gateway  
  95  7:38  Pylon  
  95  7:41  Stalker  
  95  7:42  Stalker x2  
  100  7:47  Gateway  
  100  7:49  Observer (Chrono Boost)  
  101  7:52  Pylon  
  101  8:03  Colossus (Chrono Boost)  
  109  8:06  Warp Prism (Chrono Boost)  
  109  8:09  Stalker x2  
  109  8:10  Stalker  
  114  8:31  Pylon, Templar Archives  
  114  8:35  Colossus (Chrono Boost)  
  120  8:42  Stalker x2  
  120  8:46  Pylon x2  
  120  8:48  Pylon  
  123  8:52  Shield Battery  
  123  9:01  Stalker x2  
  123  9:02  Stalker x2  
  129  9:09  Stalker x2  
Tags
 
Add a new tag
Caveats
  • Supply blocks, unpowered buildings, or Contaminate may cause inaccurate times.
  • Supply counts are checked every 10 seconds.